| TOP OF THE 1ST |
|
Joplin Blasters batting - Pitching for Miami Beach Marlins : RHP Conrad Chasar
|
|
Pitching: RHP Conrad Chasar
|
|
|
Batting: RHB John Normand
|
0-0: Called Strike 0-1: Foul Ball, location: 2F 0-2: Strikes out swinging
|
|
Batting: RHB Mike McClung
|
0-0: Called Strike 0-1: Ball 1-1: Swinging Strike 1-2: Fly out, F9 (Flyball, 9, EV 88.8 MPH)
|
|
Batting: RHB Bill Cranton
|
0-0: Ball 1-0: Ball 2-0: Foul Ball, location: 2F 2-1: Ball 3-1: Called Strike 3-2: Strikes out looking
|
| Top of the 1st over - 0 runs, 0 hits, 0 errors, 0 left on base; Joplin 0 - Miami Beach 0 |
| BOTTOM OF THE 1ST |
|
Miami Beach Marlins batting - Pitching for Joplin Blasters : RHP Chris McCade
|
|
Pitching: RHP Chris McCade
|
|
|
Batting: RHB Jim Smallwood
|
0-0: Foul Ball, location: 2F 0-1: Ball 1-1: Foul Ball, location: 2F 1-2: Fly out, F7 (Flyball, 7D, EV 109.4 MPH)
|
|
Batting: RHB Corbin Chauvin
|
0-0: Ball 1-0: Called Strike 1-1: Ball 2-1: Ball 3-1: Ground out 4-3 (Groundball, 4, EV 91.9 MPH)
|
|
Batting: RHB Torquato Uso
|
0-0: Ball 1-0: Ball 2-0: Called Strike 2-1: Ground out 4-3 (Groundball, 4S, EV 70.0 MPH)
|
| Bottom of the 1st over - 0 runs, 0 hits, 0 errors, 0 left on base; Joplin 0 - Miami Beach 0 |
| TOP OF THE 2ND |
|
Joplin Blasters batting - Pitching for Miami Beach Marlins : RHP Conrad Chasar
|
|
Batting: RHB Chris Stec
|
0-0: Ball 1-0: Ball 2-0: Ball 3-0: Base on Balls
|
|
Batting: SHB Gary Woodroffe
|
0-0: Called Strike 0-1: Ball 1-1: Foul Ball, location: 2F 1-2: Strikes out swinging
|
|
Batting: RHB Dermott Ayliffe
|
0-0: Called Strike 0-1: Grounds into double play, U6-3 (Groundball, 4M, EV 78.8 MPH)
|
| Top of the 2nd over - 0 runs, 0 hits, 0 errors, 0 left on base; Joplin 0 - Miami Beach 0 |
| BOTTOM OF THE 2ND |
|
Miami Beach Marlins batting - Pitching for Joplin Blasters : RHP Chris McCade
|
|
Batting: SHB Emmet Brickowski
|
0-0: Ball 1-0: Ball 2-0: Ball 3-0: Called Strike 3-1: Foul Ball, location: 2F 3-2: Base on Balls
|
|
Batting: LHB Luis Ortegon
|
0-0: Called Strike 0-1: Fielders Choice at 2nd, 6-4 (Groundball, 6, EV 80.6 MPH)
|
|
Batting: RHB Josh Jones
|
0-0: Ball 1-0: Foul Ball, location: 2F 1-1: Ball Luis Ortegon is caught stealing 2nd base 2-4 2-1: Called Strike 2-2: Strikes out swinging
|
| Bottom of the 2nd over - 0 runs, 0 hits, 0 errors, 0 left on base; Joplin 0 - Miami Beach 0 |
| TOP OF THE 3RD |
|
Joplin Blasters batting - Pitching for Miami Beach Marlins : RHP Conrad Chasar
|
|
Batting: LHB Josh Lane
|
0-0: Ball 1-0: Called Strike 1-1: Foul Ball, location: 2F 1-2: Ball 2-2: Strikes out looking
|
|
Batting: RHB Esteban Acuna
|
0-0: Ball 1-0: Foul Ball, location: 2F 1-1: Ball 2-1: Called Strike 2-2: Ground out 6-3 (Groundball, 6, EV 105.0 MPH)
|
|
Batting: RHB Bobby Leon
|
0-0: Foul Ball, location: 2F 0-1: Ball 1-1: Ball 2-1: Ball 3-1: Base on Balls
|
|
Batting: RHB John Normand
|
0-0: Fly out, F9 (Flyball, 89D, EV 105.0 MPH)
|
| Top of the 3rd over - 0 runs, 0 hits, 0 errors, 1 left on base; Joplin 0 - Miami Beach 0 |
| BOTTOM OF THE 3RD |
|
Miami Beach Marlins batting - Pitching for Joplin Blasters : RHP Chris McCade
|
|
Batting: RHB Chris Harlow
|
0-0: Ball 1-0: Ball 2-0: DOUBLE (Flyball, 78D, EV 105.6 MPH)
|
|
Batting: RHB Francisco Valenzuela
|
0-0: Ball 1-0: Foul Ball, location: 2F 1-1: Ball 2-1: Called Strike 2-2: Foul Ball, location: 2F 2-2: Strikes out swinging
|
|
Batting: RHB Hektor Luvian
|
0-0: Called Strike Chris Harlow steals 3rd base 0-1: Ball 1-1: Foul Ball, location: 2F 1-2: Strikes out swinging
|
|
Batting: RHB Jim Smallwood
|
0-0: Swinging Strike 0-1: SINGLE (Line Drive, 6M, EV 95.0 MPH) Chris Harlow scores
|
|
Batting: RHB Corbin Chauvin
|
0-0: 2-RUN HOME RUN (Flyball, 8LXD, EV 113.1 MPH), Distance : 449 ft
|
|
Batting: RHB Torquato Uso
|
0-0: Called Strike 0-1: Fly out, F9 (Line Drive, 9D, EV 106.2 MPH)
|
| Bottom of the 3rd over - 3 runs, 3 hits, 0 errors, 0 left on base; Joplin 0 - Miami Beach 3 |
| TOP OF THE 4TH |
|
Joplin Blasters batting - Pitching for Miami Beach Marlins : RHP Conrad Chasar
|
|
Batting: RHB Mike McClung
|
0-0: Ball 1-0: Swinging Strike 1-1: Ball 2-1: Ground out 1-3 (Groundball, 15S, EV 73.1 MPH)
|
|
Batting: RHB Bill Cranton
|
0-0: Called Strike 0-1: Ball 1-1: Ball 2-1: Ball 3-1: Foul Ball, location: 2F 3-2: Fly out, F4 (Popup, 34, EV 60.0 MPH)
|
|
Batting: RHB Chris Stec
|
0-0: Ground out 4-3 (Groundball, 4, EV 81.2 MPH)
|
| Top of the 4th over - 0 runs, 0 hits, 0 errors, 0 left on base; Joplin 0 - Miami Beach 3 |
| BOTTOM OF THE 4TH |
|
Miami Beach Marlins batting - Pitching for Joplin Blasters : RHP Chris McCade
|
|
Batting: SHB Emmet Brickowski
|
0-0: Called Strike 0-1: Ball 1-1: Ball 2-1: Called Strike 2-2: Strikes out looking
|
|
Batting: LHB Luis Ortegon
|
0-0: Called Strike 0-1: Foul Ball, location: 2F 0-2: Fly out, F7 (Flyball, 7D, EV 88.8 MPH)
|
|
Batting: RHB Josh Jones
|
0-0: Ball 1-0: Foul Ball, location: 2F 1-1: Fly out, F8 (Flyball, 8RM, EV 86.9 MPH)
|
| Bottom of the 4th over - 0 runs, 0 hits, 0 errors, 0 left on base; Joplin 0 - Miami Beach 3 |
| TOP OF THE 5TH |
|
Joplin Blasters batting - Pitching for Miami Beach Marlins : RHP Conrad Chasar
|
|
Batting: SHB Gary Woodroffe
|
0-0: Ball 1-0: Ball 2-0: Called Strike 2-1: Ball 3-1: Called Strike 3-2: Base on Balls
|
|
Batting: RHB Dermott Ayliffe
|
0-0: Ball 1-0: Ball 2-0: Grounds into double play, 5-4-3 (Groundball, 56S, EV 80.6 MPH)
|
|
Batting: LHB Josh Lane
|
0-0: Fly out, F7 (Flyball, 78S, EV 91.2 MPH)
|
| Top of the 5th over - 0 runs, 0 hits, 0 errors, 0 left on base; Joplin 0 - Miami Beach 3 |
| BOTTOM OF THE 5TH |
|
Miami Beach Marlins batting - Pitching for Joplin Blasters : RHP Chris McCade
|
|
Batting: RHB Chris Harlow
|
0-0: Ball 1-0: Foul Ball, location: 2F 1-1: SINGLE (Groundball, 3D, EV 95.6 MPH)
|
|
Batting: RHB Francisco Valenzuela
|
0-0: Foul Ball, location: 2F 0-1: Fielders Choice at 2nd, 5-4 (Groundball, 5, EV 86.2 MPH)
|
|
Batting: RHB Hektor Luvian
|
0-0: Ball 1-0: Called Strike Francisco Valenzuela steals 2nd base 1-1: Fly out, F8 (Flyball, 8RM, EV 97.5 MPH)
|
|
Batting: RHB Jim Smallwood
|
0-0: Called Strike 0-1: Ground out 6-3 (Groundball, 56, EV 106.2 MPH)
|
| Bottom of the 5th over - 0 runs, 1 hit, 0 errors, 1 left on base; Joplin 0 - Miami Beach 3 |
| TOP OF THE 6TH |
|
Joplin Blasters batting - Pitching for Miami Beach Marlins : RHP Conrad Chasar
|
|
Batting: RHB Esteban Acuna
|
0-0: Ground out 4-3 (Groundball, 34, EV 101.9 MPH)
|
|
Batting: RHB Bobby Leon
|
0-0: Ball 1-0: DOUBLE (Flyball, 89D, EV 96.9 MPH)
|
|
Batting: RHB John Normand
|
0-0: Ball 1-0: Ball 2-0: Called Strike 2-1: Swinging Strike 2-2: Foul Ball, location: 2F 2-2: Foul Ball, location: 2F 2-2: Strikes out swinging
|
|
Batting: RHB Mike McClung
|
0-0: SINGLE (Line Drive, 4MD, EV 107.5 MPH) Bobby Leon to third Runner from 3rd tries for Home, SAFE, throw by CF to home
|
|
Batting: RHB Bill Cranton
|
0-0: Called Strike Mike McClung steals 2nd base 0-1: Swinging Strike 0-2: Ball 1-2: Ball 2-2: Strikes out looking
|
| Top of the 6th over - 1 run, 2 hits, 0 errors, 1 left on base; Joplin 1 - Miami Beach 3 |
| BOTTOM OF THE 6TH |
|
Miami Beach Marlins batting - Pitching for Joplin Blasters : RHP Chris McCade
|
|
Batting: RHB Corbin Chauvin
|
0-0: Ball 1-0: Ball 2-0: Ball 3-0: Called Strike 3-1: Base on Balls
|
|
Batting: RHB Torquato Uso
|
0-0: Called Strike 0-1: Foul Ball, location: 2F 0-2: Ball 1-2: Ball Corbin Chauvin steals 2nd base 2-2: Strikes out looking
|
|
Batting: SHB Emmet Brickowski
|
0-0: Called Strike 0-1: Ball 1-1: Ball Corbin Chauvin steals 3rd, throwing error, E2 Corbin Chauvin scores 2-1: Swinging Strike 2-2: Strikes out swinging
|
|
Batting: LHB Luis Ortegon
|
0-0: Ball 1-0: Ball 2-0: Ball 3-0: Called Strike 3-1: Swinging Strike 3-2: Foul Ball, location: 2F 3-2: Base on Balls
|
|
Pitching: LHP Tristan Irwin
|
|
|
Batting: RHB Josh Jones
|
0-0: Ball 1-0: Foul Ball, location: 2F 1-1: Fly out, F8 (Line Drive, 8LM, EV 84.4 MPH)
|
| Bottom of the 6th over - 1 run, 0 hits, 1 error, 1 left on base; Joplin 1 - Miami Beach 4 |
| TOP OF THE 7TH |
|
Joplin Blasters batting - Pitching for Miami Beach Marlins : RHP Conrad Chasar
|
|
Batting: RHB Chris Stec
|
0-0: Called Strike 0-1: Ball 1-1: Foul Ball, location: 2F 1-2: Ball 2-2: SINGLE (Groundball, 4MD, EV 96.2 MPH)
|
|
Batting: SHB Gary Woodroffe
|
0-0: Ball 1-0: Ball 2-0: Ball 3-0: Called Strike 3-1: Base on Balls Chris Stec to second
|
|
Batting: RHB Dermott Ayliffe
|
0-0: Ball 1-0: Ball 2-0: Ball 3-0: Base on Balls Chris Stec to third Gary Woodroffe to second
|
|
Pinch Hitting: RHB Dustin Peterson
|
0-0: Ball 1-0: Ball 2-0: Foul Ball, location: 2F 2-1: Foul Ball, location: 2F 2-2: Hit by Pitch Chris Stec scores Gary Woodroffe to third Dermott Ayliffe to second
|
|
Batting: RHB Esteban Acuna
|
0-0: Ball 1-0: Fly out, F7 (Flyball, 7, EV 84.4 MPH)
|
|
Pinch Hitting: RHB Carlos Castillo
|
0-0: Foul Ball, location: 2F 0-1: Called Strike 0-2: Foul Ball, location: 2F 0-2: SINGLE (Groundball, 56D, EV 110.0 MPH) Gary Woodroffe scores Dermott Ayliffe to third Dustin Peterson to second Runner from 3rd tries for Home, SAFE, throw by LF to home
|
|
Batting: RHB John Normand
|
0-0: Called Strike 0-1: Foul Ball, location: 2F 0-2: Ball 1-2: Foul Ball, location: 2F 1-2: Ball 2-2: Fly out, F8 (Flyball, 8RS, EV 93.8 MPH)
|
|
Pitching: RHP Willie Mojica
|
|
|
Batting: RHB Mike McClung
|
0-0: Called Strike 0-1: Foul Ball, location: 2F 0-2: Foul Ball, location: 2F 0-2: Ball 1-2: SINGLE (Popup, 34D, EV 60.0 MPH) Dustin Peterson to third Carlos Castillo to second Runner from 3rd tries for Home, SAFE, throw by 2B to home
|
|
Batting: RHB Bill Cranton
|
0-0: Called Strike 0-1: Fly out, F8 (Flyball, 8RM, EV 95.6 MPH)
|
| Top of the 7th over - 4 runs, 3 hits, 0 errors, 2 left on base; Joplin 5 - Miami Beach 4 |
| BOTTOM OF THE 7TH |
|
Miami Beach Marlins batting - Pitching for Joplin Blasters : LHP Tristan Irwin
|
|
Now at 2B: Kevin Lea
|
|
|
Now in RF: Nate Brewer
|
|
|
Batting: RHB Chris Harlow
|
0-0: Ball 1-0: Called Strike 1-1: Ball 2-1: Called Strike 2-2: SINGLE (Flyball, 6MD, EV 84.4 MPH)
|
|
Batting: RHB Francisco Valenzuela
|
0-0: Sac Bunt to 2R - play at first, batter OUT! 2-3 Chris Harlow to second
|
|
Pinch Hitting: RHB Christian Gentille
|
0-0: Ball 1-0: Foul Ball, location: 2F 1-1: Ball 2-1: Fly out, F9 (Flyball, 89M, EV 95.6 MPH)
|
|
Pinch Hitting: RHB Scott Talbot
|
0-0: Called Strike 0-1: Foul Ball, location: 2F 0-2: Ball 1-2: Ball 2-2: Ball 3-2: Ground out 6-3 (Groundball, 6S, EV 62.5 MPH)
|
| Bottom of the 7th over - 0 runs, 1 hit, 0 errors, 1 left on base; Joplin 5 - Miami Beach 4 |
| TOP OF THE 8TH |
|
Joplin Blasters batting - Pitching for Miami Beach Marlins : RHP Willie Mojica
|
|
Now at 1B: Kazumi Inouye
|
|
|
Now in CF: Cody Leonard
|
|
|
Batting: RHB Chris Stec
|
0-0: Called Strike 0-1: Ball 1-1: Ball 2-1: Foul Ball, location: 2F 2-2: Foul Ball, location: 2F 2-2: Ground out U3 (Groundball, 34, EV 98.8 MPH)
|
|
Batting: SHB Gary Woodroffe
|
0-0: Swinging Strike 0-1: Ball 1-1: Foul Ball, location: 2F 1-2: Ball 2-2: Strikes out swinging
|
|
Batting: RHB Dermott Ayliffe
|
0-0: Fly out, F9 (Flyball, 89M, EV 93.1 MPH)
|
| Top of the 8th over - 0 runs, 0 hits, 0 errors, 0 left on base; Joplin 5 - Miami Beach 4 |
| BOTTOM OF THE 8TH |
|
Miami Beach Marlins batting - Pitching for Joplin Blasters : LHP Tristan Irwin
|
|
Batting: RHB Corbin Chauvin
|
0-0: Ball 1-0: SINGLE (Groundball, 6MD, EV 106.2 MPH)
|
|
Pitching: RHP Billy Emerson
|
|
|
Batting: RHB Torquato Uso
|
0-0: Called Strike 0-1: SINGLE (Groundball, 6M, EV 101.2 MPH) (infield hit) Corbin Chauvin to second
|
|
Batting: SHB Emmet Brickowski
|
0-0: Fielders Choice at 2nd, 5-4 (Groundball, 5, EV 81.9 MPH) Corbin Chauvin to third
|
|
Batting: LHB Luis Ortegon
|
0-0: Ball 1-0: Foul Ball, location: 2F 1-1: Swinging Strike 1-2: SINGLE (Groundball, 56D, EV 95.0 MPH) Corbin Chauvin scores Emmet Brickowski to second
|
|
Pinch Hitting: LHB Takao Ogura
|
0-0: Ball 1-0: Swinging Strike 1-1: Foul Ball, location: 2F 1-2: Ball 2-2: Strikes out swinging
|
|
Batting: RHB Chris Harlow
|
0-0: Called Strike 0-1: Called Strike 0-2: Ball 1-2: Strikes out swinging
|
| Bottom of the 8th over - 1 run, 3 hits, 0 errors, 2 left on base; Joplin 5 - Miami Beach 5 |
| TOP OF THE 9TH |
|
Joplin Blasters batting - Pitching for Miami Beach Marlins : RHP Willie Mojica
|
|
Now in LF: Cody Leonard
|
|
|
Now in CF: Henry Huezo
|
|
|
Batting: RHB Kevin Lea
|
0-0: Foul Ball, location: 2F 0-1: Foul Ball, location: 2F 0-2: Foul Ball, location: 2F 0-2: Ball 1-2: Strikes out swinging
|
|
Pitching: RHP Kyle Beabout
|
|
|
Batting: RHB Esteban Acuna
|
0-0: Ball 1-0: Swinging Strike 1-1: Ball 2-1: Called Strike 2-2: Strikes out swinging
|
|
Pinch Hitting: RHB Cody Marshall
|
0-0: Ball 1-0: Called Strike 1-1: Ground out 5-3 (Groundball, 56, EV 105.0 MPH)
|
| Top of the 9th over - 0 runs, 0 hits, 0 errors, 0 left on base; Joplin 5 - Miami Beach 5 |
| BOTTOM OF THE 9TH |
|
Miami Beach Marlins batting - Pitching for Joplin Blasters : RHP Billy Emerson
|
|
Now in RF: Danny Jefferies
|
|
|
Pinch Hitting: RHB Orlando Melendres
|
0-0: Ball 1-0: Ground out 5-3 (Groundball, 56, EV 83.8 MPH)
|
|
Batting: RHB Kazumi Inouye
|
0-0: Swinging Strike 0-1: Ball 1-1: Foul Ball, location: 2F 1-2: Ball 2-2: Ball 3-2: Foul Ball, location: 2F 3-2: Foul Ball, location: 2F 3-2: Base on Balls
|
|
Pinch Hitting: RHB Mario Cota
|
0-0: Fly out, F8 (Line Drive, 8LD, EV 98.1 MPH) Runner from 1st tags up, SAFE at 2nd
|
|
Batting: RHB Corbin Chauvin
|
0-0: Swinging Strike 0-1: Foul Ball, location: 2F 0-2: Strikes out swinging
|
| Bottom of the 9th over - 0 runs, 0 hits, 0 errors, 1 left on base; Joplin 5 - Miami Beach 5 |
| TOP OF THE 10TH |
|
Joplin Blasters batting - Pitching for Miami Beach Marlins : RHP Kyle Beabout
|
|
Now at C: Orlando Melendres
|
|
|
Now in LF: Melvin Nava
|
|
|
Batting: RHB John Normand
|
0-0: Fly out, F8 (Line Drive, 8LM, EV 104.4 MPH)
|
|
Batting: RHB Mike McClung
|
0-0: Ball 1-0: Ball 2-0: Foul Ball, location: 2F 2-1: Foul Ball, location: 2F 2-2: Strikes out swinging
|
|
Batting: RHB Bill Cranton
|
0-0: Ball 1-0: Called Strike 1-1: Ground out 6-3 (Groundball, 6S, EV 70.0 MPH)
|
| Top of the 10th over - 0 runs, 0 hits, 0 errors, 0 left on base; Joplin 5 - Miami Beach 5 |
| BOTTOM OF THE 10TH |
|
Miami Beach Marlins batting - Pitching for Joplin Blasters : RHP Billy Emerson
|
|
Batting: RHB Torquato Uso
|
0-0: Ball 1-0: Ball 2-0: Ball 3-0: Called Strike 3-1: SINGLE (Line Drive, 7S, EV 91.2 MPH)
|
|
Batting: SHB Emmet Brickowski
|
0-0: Ball 1-0: Ball 2-0: Ball 3-0: Base on Balls Torquato Uso to second
|
|
Batting: LHB Luis Ortegon
|
0-0: Ball 1-0: Ball 2-0: Ball 3-0: Called Strike 3-1: Foul Ball, location: 2F 3-2: Base on Balls Torquato Uso to third Emmet Brickowski to second
|
|
Pitching: RHP Aaron Blackwell
|
|
|
Batting: LHB Henry Huezo
|
0-0: Swinging Strike 0-1: Ball 1-1: Ball 2-1: Ball 3-1: Foul Ball, location: 2F 3-2: Foul Ball, location: 2F 3-2: Base on Balls Torquato Uso scores Emmet Brickowski to third Luis Ortegon to second
|
| Bottom of the 10th over - 1 run, 1 hit, 0 errors, 3 left on base; Joplin 5 - Miami Beach 6 |
|